 Dungeon Crawl Stone Soup version 0.23.1 (webtiles) character file.

Game seed: 2476090656789224850

1971 Fang the Skirmisher (level 9, -7/85 HPs)
             Began as a Gargoyle Berserker on Mar 8, 2019.
             Was an Elder of Trog.
             Mangled by an orc warrior
             ... wielding a +0 trident
              (13 damage)
             ... on level 6 of the Dungeon.
             The game lasted 00:04:53 (4464 turns).

Fang the Skirmisher (Gargoyle Berserker)            Turns: 4464, Time: 00:04:57

Health: -7/85      AC: 19    Str: 29    XL:     9   Next: 20%
Magic:  9/9        EV: 11    Int:  8    God:    Trog [****..]
Gold:   315        SH:  0    Dex:  9    Spells: 8/8 levels left

rFire    + + .     SeeInvis .   v - +0 war axe
rCold    + . .     Gourm    .   (no shield)
rNeg     + . .     Faith    .   i - +0 chain mail
rPois    ∞         Spirit   .   (no helmet)
rElec    +         Reflect  .   e - scarf {rC+ rF+}
rCorr    +         Harm     .   y - +1 pair of gloves
MR       .....                  (no boots)
Stlth    ..........             A - amulet of the acrobat
HPRegen  0.24/turn              a - ring of resist corrosion
MPRegen  0.11/turn              C - ring of protection from fire

@: berserking (expiring), very quick
A: negative energy resistance 1, electricity resistance, unbreathing,
petrification resistance, rot immunity, AC +6
a: Berserk, Trog's Hand, Brothers in Arms, Renounce Religion


You were on level 6 of the Dungeon.
You worshipped Trog.
Trog was greatly pleased with you.
You were hungry.

You visited 1 branch of the dungeon, and saw 6 of its levels.

You collected 315 gold pieces.

Inventory:

Hand Weapons
 v - a +0 war axe (weapon)
Armour
 e - a scarf of resistance (worn)
 i - a +0 chain mail (worn)
 y - a +1 pair of gloves (worn)
Jewellery
 a - a ring of resist corrosion (left hand)
 q - an uncursed ring of magical power
 A - an amulet of the acrobat (around neck)
 B - an uncursed amulet of rage
 C - a ring of protection from fire (right hand)
Wands
 o - a wand of scattershot (6)
 w - a wand of acid (8)
Scrolls
 d - a scroll of enchant armour {unknown}
 f - 2 scrolls of enchant weapon {unknown}
 h - 6 scrolls of identify {unknown}
 m - 4 scrolls of amnesia {unknown}
 n - a scroll of immolation {unknown}
 r - 2 scrolls of remove curse {unknown}
 u - 2 scrolls of blinking {unknown}
 x - 4 scrolls of teleportation {unknown}
Potions
 b - 2 potions of mutation {unknown}
 g - a potion of ambrosia {unknown}
 j - a potion of degeneration {unknown}
 k - a potion of haste {unknown}
 l - a potion of curing {unknown}
 p - a potion of brilliance {unknown}
 s - 2 potions of berserk rage {unknown}
 t - a potion of lignification {unknown}
 z - a potion of flight {unknown}
Comestibles
 c - 8 rations
 D - 2 chunks of flesh


   Skills:
 + Level 7.2 Fighting
 + Level 6.0 Axes
 + Level 6.8 Armour
 + Level 5.0 Dodging


You had 8 spell levels left.
You didn't know any spells.
Your spell library was empty.

Dungeon Overview and Level Annotations

Branches:
Dungeon (6/15)
 Temple: D:4-7

Altars:
Nemelex Xobeh


Innate Abilities, Weirdness & Mutations

You are resistant to torment.
Your stone body is resilient. (AC +6)
You are immune to poison.
You resist negative energy. (rN+)
You are resistant to electric shocks. (rElec)
You can survive without breathing.
You are immune to petrification.
You are immune to rotting.


Message History

You slash the orc!
The orc is almost dead.
The orc warrior barely misses you.
You slash the orc!
You kill the orc!
Trog accepts your kill. The orc warrior completely misses you.
You see here a +0 short sword.
You barely miss the orc warrior.
The orc warrior hits you with a +0 trident!
* * * LOW HITPOINT WARNING * * *
You barely miss the orc warrior. You slash the orc warrior!
The orc warrior is moderately wounded.
The orc warrior hits you with a +0 trident!
* * * LOW HITPOINT WARNING * * *
You slash the orc warrior!
The orc warrior is severely wounded.
The orc warrior hits you with a +0 trident!
You die...

...... #.# #.........#
...... #.# #.........#
......##.# #.........#
.........###.........#
..........##......<..#
.....(#.#............#
..............<÷....##
........#####..####..#
.##...)@).......#
).... #..?.o.....##..#
.#### #...........#
#....# ...#.##..#...(.
##..# .. #. ...##.#..
.. . . ...##.# . .. ..
.... # .. ...#.


You could see an orc warrior.

Vanquished Creatures
  The ghost of alexposito the Archer, a novice MiHu (D:5)
  Grinder (D:4)
  An ice beast (D:5)
  A sky beast (D:5)
  An ogre (D:5)
  A bullfrog (D:6)
  2 howler monkeys
  A crimson imp (D:5)
  5 hounds
  4 orc priests
  A bullfrog skeleton (D:5)
  An iguana (D:5)
  Natasha (thrice) (D:2)
  5 orc wizards
  5 worker ants
  A worker ant zombie (D:5)
  4 gnolls (D:5)
  2 adders
  A shadow imp (D:5)
  An ooze (D:4)
  An adder zombie (D:5)
  2 worms
  2 dart slugs
  6 leopard geckos
  25 orcs
  3 giant cockroaches
  10 goblins
  10 hobgoblins
  5 jackals (D:4)
  4 kobolds
  3 quokkas
  A ball python (D:4)
  10 bats
  4 frilled lizards
  A jackal skeleton (D:4)
  6 rats
135 creatures vanquished.

Vanquished Creatures (others)
  A bat (D:2)
1 creature vanquished.

Grand Total: 136 creatures vanquished

Notes
Turn   | Place    | Note
-------+----------+-------------------------------------------
     0 | D:1      | Fang the Gargoyle Berserker began the quest for the Orb.
     0 | D:1      | Reached XP level 1. HP: 14/14 MP: 1/1
   403 | D:1      | Reached XP level 2. HP: 15/19 MP: 2/2
   878 | D:2      | Reached XP level 3. HP: 23/23 MP: 3/3
   917 | D:2      | Noticed Natasha
   928 | D:2      | Killed Natasha
   928 | D:2      | Reached ** piety under Trog
  1079 | D:2      | Reached XP level 4. HP: 23/29 MP: 4/4
  1094 | D:2      | Noticed Natasha
  1099 | D:2      | Reached skill level 4 in Fighting
  1111 | D:2      | Killed Natasha
  1111 | D:2      | Reached XP level 5. HP: 33/33 MP: 5/5
  1127 | D:2      | Noticed Natasha
  1135 | D:2      | Killed Natasha
  1996 | D:3      | Reached XP level 6. HP: 34/39 MP: 6/6
  2377 | D:4      | Reached *** piety under Trog
  2481 | D:4      | Reached skill level 5 in Fighting
  2550 | D:4      | Reached XP level 7. HP: 35/44 MP: 7/7
  2563 | D:4      | Noticed Grinder
  2588 | D:5      | Entered Level 5 of the Dungeon
  2847 | D:4      | Paralysed by Grinder for 7 turns
  2874 | D:4      | Killed Grinder
  2874 | D:4      | Reached skill level 5 in Armour
  3133 | D:4      | Found a sparkling altar of Nemelex Xobeh.
  3239 | D:5      | Reached XP level 8. HP: 51/51 MP: 8/8
  3366 | D:5      | Reached skill level 6 in Fighting
  3408 | D:5      | Reached skill level 5 in Axes
  3449 | D:5      | Found a runed translucent gate.
  3449 | D:5      | Found a runed translucent gate.
  3449 | D:5      | Found a runed translucent gate.
  3452 | D:5      | Noticed alexposito's ghost (novice MiHu)
  3930 | D:5      | Reached **** piety under Trog
  4357 | D:5      | Killed alexposito's ghost
  4357 | D:5      | Reached skill level 7 in Fighting
  4357 | D:5      | Reached XP level 9. HP: 53/57 MP: 9/9
  4429 | D:6      | Reached skill level 5 in Dodging
  4464 | D:6      | Mangled by an orc warrior

Skill      XL: |  1  2  3  4  5  6  7  8  9 |
---------------+----------------------------+-----
Axes           | 3 4 5 6 |  6.0
Dodging        | 2 3 4 5 |  5.0
Armour         | 3 4 5 6 |  6.8
Fighting       | 4 5 7 |  7.2

Action                   |  1- 3 |  4- 6 |  7- 9 || total
-------------------------+-------+-------+-------++-------
Melee: Hand axe          |   113 |    92 |       ||   205
       War axe           |       |   118 |   228 ||   346
Invok: Berserk           |     1 |     3 |     5 ||     9
  Eat: Chunk             |     2 |     8 |    10 ||    20
Armor: Chain mail        |    72 |   161 |   216 ||   449
       Animal skin       |     1 |       |       ||     1
Dodge: Dodged            |    56 |   119 |   150 ||   325
